 Dungeon Crawl Stone Soup version 0.23.2-1-ga50397a6bc (webtiles) character file.

Game seed: 17629810357442509903

1388 Mrkan the Grappler (level 8, 0/74 HPs)
             Began as a Troll Monk on May 25, 2019.
             Was a Priest of Trog.
             Slain by a centaur skeleton (3 damage)
             ... while paralysed by Grinder
             ... on level 6 of the Dungeon.
             The game lasted 00:07:28 (3685 turns).

Mrkan the Grappler (Troll Monk)                     Turns: 3685, Time: 00:07:28

Health: 0/74       AC:  6    Str: 20    XL:     8   Next: 40%
Magic:  7/7        EV:  1    Int:  6    God:    Trog [***...]
Gold:   204        SH:  0    Dex: 14    Spells: 7/7 levels left

rFire    . . .     SeeInvis .     - Unarmed
rCold    . . .     Gourm    +   (no shield)
rNeg     . . .     Faith    .   a - +0 robe
rPois    .         Spirit   .   (helmet restricted)
rElec    .         Reflect  .   t - scarf {repulsion}
rCorr    .         Harm     .   (gloves unavailable)
MR       .....                  (boots unavailable)
Stlth    ++........             (no amulet)
HPRegen  0.62/turn              (no ring)
MPRegen  0.10/turn              (no ring)

@: paralysed, berserk cooldown, slowed, studying Unarmed Combat, repel missiles
A: large, unfitting armour, claws 3, fast metabolism 3, gourmand, regeneration
1, shaggy fur 1, tough skin 3
a: Berserk, Trog's Hand, Renounce Religion


You were on level 6 of the Dungeon.
You worshipped Trog.
Trog was most pleased with you.
You were very full.

You visited 1 branch of the dungeon, and saw 6 of its levels.

You collected 204 gold pieces.

Inventory:

Missiles
 e - 229 stones (quivered)
 l - 5 javelins
Armour
 a - a +0 robe (worn)
 n - a +0 cloak
 t - a scarf of repulsion (worn)
 x - a +0 cloak
Jewellery
 f - a +4 ring of protection {unknown}
 y - an uncursed amulet of the gourmand {unknown}
 D - an uncursed ring of poison resistance {unknown}
Wands
 z - a wand of disintegration (23)
Scrolls
 d - a scroll of identify {unknown}
 g - a scroll of immolation {unknown}
 i - 6 scrolls of fog {unknown}
 j - 4 scrolls of enchant weapon {unknown}
 k - 3 scrolls of remove curse {unknown}
 o - a scroll of fear {unknown}
 p - 4 scrolls of teleportation {unknown}
 s - a scroll of magic mapping {unknown}
 v - a scroll of amnesia {unknown}
 C - a scroll of random uselessness {unknown}
 F - a scroll of enchant armour {unknown}
Potions
 c - 2 potions of haste {unknown}
 h - a potion of might {unknown}
 m - 2 potions of heal wounds {unknown}
 q - 5 potions of curing {unknown}
 r - a potion of degeneration {unknown}
 w - a potion of cancellation {unknown}
 A - 2 potions of magic {unknown}
 E - a potion of agility {unknown}
Books
 u - a manual of Unarmed Combat
Comestibles
 b - 13 rations
 B - 3 chunks of flesh


   Skills:
 - Level 2.4 Fighting
 * Level 5.7 Throwing
 - Level 2.4 Dodging
 - Level 1.0 Stealth
 - Level 10.0 Unarmed Combat


You had 7 spell levels left.
You didn't know any spells.
Your spell library contained the following spells:

 Spells                   Type           Power        Failure   Level  Hunger
 Magic Dart               Conj           #...         45%         1    ##.....
 Searing Ray              Conj           #.....       58%         2    ###....
 Dazzling Spray           Conj/Hex       #.....       83%         3    ####...
 Force Lance              Conj/Tloc      #.......     99%         4    #####..
 Fulminant Prism          Conj/Hex       #.........   99%         4    #####..
 Iskenderun's Mystic Bla  Conj           #.......     99%         4    #####..


Dungeon Overview and Level Annotations

Branches:
Dungeon (6/15)
 Temple: D:4-7

Altars:
Cheibriados
Nemelex Xobeh
Trog
Xom

Shops:
D:4 *?

Annotations:
D:6 Grinder


Innate Abilities, Weirdness & Mutations

You are too large for most types of armour.
You have claws for hands.
Your metabolism is lightning-fast.
You like to eat raw meat.
Your natural rate of healing is unusually fast.
You are covered in fur. (AC +1)
You have extremely tough skin. (AC +3)


Message History

Grinder hits you.
You writhe in agony.
* * * LOW HITPOINT WARNING * * *
Grinder gestures at you.
You suddenly lose the ability to move!
The centaur skeleton hits you. Grinder hits you.
* * * LOW HITPOINT WARNING * * *
You writhe in agony.
* * * LOW HITPOINT WARNING * * *
The centaur skeleton hits you.
* * * LOW HITPOINT WARNING * * *
The centaur skeleton hits you.
* * * LOW HITPOINT WARNING * * *
Grinder hits you.
* * * LOW HITPOINT WARNING * * *
The centaur skeleton hits you.
* * * LOW HITPOINT WARNING * * *
Grinder says, "Wait up."
Grinder hits you but does no damage. The centaur skeleton hits you.
You die...

#.###.. #............#).
#...o.# #.......###)....
#o#####.......# #..##.
#))†o...####..##..####
#.......###....###.###..#...
######..# ##................
#... #o..###........... #..#
#5Z.###........... ....
#@...#............
##.....<................
######...##............
...####........... #..#
............ ..## ## ......
### ...... .....>


You could see Grinder, an orc and a centaur skeleton.

Vanquished Creatures
  Sigmund (D:2)
  An orc warrior (D:6)
  An ice beast (D:5)
  A phantom (D:6)
  2 ogres (D:5)
  A centaur (D:6)
  A bullfrog (D:6)
  A gnoll sergeant (D:6)
  A howler monkey (D:6)
  A crimson imp (D:5)
  A bullfrog zombie (D:6)
  2 hounds
  An orc priest (D:5)
  A bullfrog skeleton (D:6)
  2 orc wizards (D:5)
  Jessica (D:2)
  An iguana (D:3)
  2 worker ants (D:5)
  3 gnolls (D:6)
  4 adders
  A shadow imp (D:6)
  An ooze (D:1)
  An adder zombie (D:6)
  2 adder skeletons
  A worm (D:3)
  A dart slug (D:3)
  5 leopard geckos
  23 orcs
  6 bats
  4 giant cockroaches
  4 goblins
  6 hobgoblins
  4 jackals (D:3)
  7 kobolds
  A quokka (D:3)
  A ball python (D:2)
  A frilled lizard (D:4)
  3 rats
101 creatures vanquished.

Notes
Turn   | Place    | Note
-------+----------+-------------------------------------------
     0 | D:1      | Mrkan the Troll Monk began the quest for the Orb.
     0 | D:1      | Reached XP level 1. HP: 22/22 MP: 0/0
   236 | D:1      | Reached XP level 2. HP: 29/29 MP: 1/1
   510 | D:1      | Reached skill level 4 in Unarmed Combat
   753 | D:2      | Noticed Jessica
   769 | D:2      | Killed Jessica
   769 | D:2      | Reached XP level 3. HP: 29/36 MP: 2/2
  1203 | D:2      | Noticed Sigmund
  1219 | D:2      | Killed Sigmund
  1219 | D:2      | Reached skill level 6 in Unarmed Combat
  1219 | D:2      | Reached XP level 4. HP: 18/44 MP: 3/3
  1219 | D:2      | Reached XP level 5. HP: 21/50 MP: 4/4
  1377 | D:3      | Found a faded altar of an unknown god.
  1506 | D:3      | Reached XP level 6. HP: 59/59 MP: 5/5
  1882 | D:3      | Reached skill level 7 in Unarmed Combat
  2048 | D:4      | Found Niurgh's Assorted Antiques.
  2072 | D:4      | Found Dituqury's Magic Scroll Shop.
  2116 | D:4      | Found a shimmering altar of Xom.
  2352 | D:4      | Found a bloodstained altar of Trog.
  2355 | D:4      | Found a snail-covered altar of Cheibriados.
  2418 | D:4      | Became a worshipper of Trog the Wrathful
  2418 | D:4      | Reached * piety under Trog
  2418 | D:4      | Reached ** piety under Trog
  2457 | D:5      | Entered Level 5 of the Dungeon
  2585 | D:5      | Noticed an ice beast
  2592 | D:5      | Killed an ice beast
  2592 | D:5      | Reached skill level 8 in Unarmed Combat
  2653 | D:5      | Reached skill level 9 in Unarmed Combat
  2653 | D:5      | Reached XP level 7. HP: 66/66 MP: 6/6
  2931 | D:5      | Reached skill level 10 in Unarmed Combat
  3123 | D:5      | Reached skill level 1 in Throwing
  3461 | D:6      | Reached *** piety under Trog
  3461 | D:6      | Reached XP level 8. HP: 74/74 MP: 7/7
  3605 | D:6      | Reached skill level 5 in Throwing
  3669 | D:6      | Found a sparkling altar of Nemelex Xobeh.
  3671 | D:6      | Noticed Grinder
  3681 | D:6      | Paralysed by Grinder for 6 turns
  3684 | D:6      | HP: 3/74 [centaur skeleton (6)]
  3685 | D:6      | Slain by a centaur skeleton

Skill      XL: |  1  2  3  4  5  6  7  8 |
---------------+-------------------------+-----
Unarmed Combat | 4 6 9 10 | 10.0
Throwing       | 3 5 |  5.7
Fighting       | |  2.4
Dodging        | |  2.4
Stealth        | |  1.0

Action                   |  1- 3 |  4- 6 |  7- 9 || total
-------------------------+-------+-------+-------++-------
Melee: Unarmed           |    64 |   103 |   110 ||   277
       Punch             |     2 |     2 |     7 ||    11
Invok: Berserk           |       |       |     2 ||     2
 Stab: Sleeping          |       |     2 |       ||     2
  Eat: Chunk             |    12 |    17 |    11 ||    40
Armor: Robe              |    32 |    39 |    25 ||    96
Dodge: Dodged            |    35 |    46 |    53 ||   134
       Deflected         |       |       |     1 ||     1
